AoeStats
← Kaiser Ze

Black Forest

508879994Analyzed
4v4 RM · 8d ago on Sep 24, 2026· 20m 15s· 8 players
Game mode
Random Map
Map size
Large (8 player)
Population
200
Speed
Normal
Resources
Standard
Victory
Conquest
Starting age
Dark Age
Ending age
Imperial Age
RankedLock teamsTeams togetherTeam positionsShared explorationLock speedFull tech treeHidden civsTurbo modeCheats
Victory
Defeat
🇦🇹 Saxons · Austria
1410
+16
🇩🇪 Danes · Germany
1405
+16
🇨🇳 Dravidians · China
1395
+17
🇩🇪 Saracens · Germany
1389
+17
🇨🇳 Teutons · China
1513
-21
🇭🇰 Khmer · Hong Kong SAR China
1439
-18
🇹🇼 Danes · Taiwan
1357
-14
🇨🇳 Britons · China
1320
-13
Red Calypso
11:33 Feudal Age
11:41 Man-at-Arms
15:13 Double-Bit Axe
16:20 Loom
18:32 Arson
4k1m
7:02 Loom
12:14 Feudal Age
16:29 Castle Age
19:30 Double-Bit Axe
Kaiser Ze
6:21 Loom
11:47 Feudal Age
16:10 Castle Age
14:02 Double-Bit Axe
18:40 Fishing Lines
KickersEmden_AoE
7:13 Loom
9:45 Feudal Age
10:33 Double-Bit Axe
14:18 Fletching
280465815tony
0:45 Loom
10:43 Feudal Age
D哥
9:40 Feudal Age
10:49 Fletching
12:08 Loom
12:36 Double-Bit Axe
你顶住我发展
4:33 Loom
12:57 Feudal Age
15:24 Double-Bit Axe
18:00 Castle Age
16:30 Horse Collar
虫
10:31 Feudal Age
12:58 Double-Bit Axe
13:00 Fishing Lines
17:21 Castle Age
18:44 Bow Saw
18:27 Gillnets
21:08 Wheelbarrow
Connection lost

Rejoining the realm…

Still unreachable

The connection could not be restored.

Session expired

The server has moved on; the page needs a fresh start.